 Dungeon Crawl Stone Soup version 0.29-a0-512-gf59ac788ac (webtiles) character file.

Game seed: 8155681191198773953

62 quokkamancerX the Chopper (level 4, -1/41 HPs)
             Began as a Hill Orc Berserker on May 29, 2022.
             Was a Believer of Trog.
             Succumbed to a kobold's poison
             ... on level 3 of the Dungeon.
             The game lasted 00:05:49 (2605 turns).

quokkamancerX the Chopper (Hill Orc Berserker)      Turns: 2605, Time: 00:05:49

Health: -1/41      AC:  8    Str: 18 (21) XL:     4   Next: 8%
Magic:  4/4        EV:  9    Int:  4 (7)  God:    Trog [**....]
Gold:   116        SH:  6    Dex: 10 (13) Spells: 3/3 levels left

rFire   + . .      SeeInvis .   a - +0 hand axe
rCold   . . .      Faith    .   l - +0 kite shield
rNeg    . . .      Spirit   .   q - +2 ring mail "Ereavic" {Dex+3}
rPois   .          Reflect  .   o - +0 helmet
rElec   .          Harm     .   (no cloak)
rCorr   .          Rampage  .   (no gloves)
Will    .....                   (no boots)
Stlth   ..........              (no amulet)
HPRegen 0.13/turn               j - ring of protection from fire
MPRegen 0.09/turn               (no ring)

@: brilliant, lethally poisoned (-1 -> -13)
A: no striking features
a: Renounce Religion, Berserk, Trog's Hand


You were on level 3 of the Dungeon.
You worshipped Trog.
Trog was pleased with you.
You visited 1 branch of the dungeon, and saw 3 of its levels.

You collected 116 gold pieces.

Inventory:

Hand Weapons
 a - a +0 hand axe (weapon)
Missiles
 i - a throwing net (quivered)
Armour
 l - a +0 kite shield (worn)
 o - a +0 helmet (worn)
 q - the +2 ring mail "Ereavic" (worn) {Dex+3}
   (You found it on level 3 of the Dungeon)

   Dex:       It affects your dexterity (+3).
Jewellery
 j - a ring of protection from fire (left hand)
 k - a +6 ring of dexterity
 n - a ring of fire
Scrolls
 d - 3 scrolls of enchant armour {unknown}
 g - a scroll of vulnerability {unknown}
 h - a scroll of teleportation {unknown}
 m - a scroll of blinking {unknown}
 p - a scroll of fear {unknown}
Potions
 b - a potion of degeneration
 c - 2 potions of brilliance
 e - a potion of resistance {unknown}
 f - 2 potions of heal wounds {unknown}


   Skills:
 + Level 4.8 Fighting
 + Level 5.3 Axes
 - Level 2.1 Armour
 - Level 1.5 Dodging


You had 3 spell levels left.
You didn't know any spells.
Your spell library was empty.

Dungeon Overview and Level Annotations

Branches:
Dungeon (3/15)

Altars:


Message History

You feel very sick.
You feel sick.
The kobold throws a poisoned dart.
You block the poisoned dart.
You hit the ball python.
The ball python is moderately wounded.
You feel sick.
The kobold throws a poisoned dart.
The poisoned dart hits you!
You are more poisoned.
The ball python bites you but does no damage.
You block the ball python's attack.
The kobold throws a poisoned dart.
The poisoned dart hits you.
You are more poisoned.
You barely miss the ball python.
The ball python is moderately wounded.
You feel very sick. The ball python closely misses you.
The ball python grabs you. The ball python constricts you.
The ball python bites you but does no damage.
The ball python constricts you.
You slash the ball python!
You kill the ball python!
Trog accepts your kill.
You feel very sick.
The kobold throws a poisoned dart.
The poisoned dart hits you!
You are lethally poisoned!
You feel very sick.
The kobold hits you with a +0 short sword.
* * * LOW HITPOINT WARNING * * *
You see here a ball python corpse.
You closely miss the kobold.
* * * LOW HITPOINT WARNING * * *
You feel very sick. The kobold barely misses you.
It was a potion of brilliance.
You feel clever all of a sudden.
* * * LOW HITPOINT WARNING * * *
You feel very sick. The kobold closely misses you.
It was a potion of degeneration.
There was something very wrong with that liquid.
You feel weakened.
You feel dopey.
You feel clumsy.
You die...

#.##........#
#.##........#
##+###'###.###
#...##.###.#
#..........########
#....#.####.......#
#....#^# #.......#
#....#.# #..K?...#
#......####.@.....#
#.................#
#####.>#####+######
##.# #.# #.# #.#
#.# #..


You could see a kobold.

Vanquished Creatures
  2 adders (D:2)
  4 ball pythons
  2 bats
  4 endoplasms
  2 giant cockroaches
  3 goblins
  4 hobgoblins
  2 jackals (D:2)
  4 kobolds
  4 quokkas
  5 frilled lizards
  4 rats
40 creatures vanquished.

Vanquished Creatures (others)
  A plant (D:1)
1 creature vanquished.

Grand Total: 41 creatures vanquished

Notes
Turn   | Place    | Note
-------+----------+-------------------------------------------
     0 | D:1      | quokkamancerX the Hill Orc Berserker began the quest for
                  | the Orb.
     0 | D:1      | Reached XP level 1. HP: 19/19 MP: 1/1
   470 | D:1      | Reached XP level 2. HP: 15/27 MP: 2/2
   879 | D:1      | Found a faded altar of an unknown god.
  1445 | D:2      | Reached XP level 3. HP: 34/34 MP: 3/3
  1555 | D:2      | Identified the +0 buckler "Uplot" {rF- rCorr Str-4 Stlth+}
  1650 | D:2      | Reached skill level 5 in Axes
  2447 | D:3      | Reached ** piety under Trog
  2448 | D:3      | Reached XP level 4. HP: 41/41 MP: 4/4
  2515 | D:3      | Identified the +2 ring mail "Ereavic" {Dex+3}
  2604 | D:3      | HP: 1/41 [poisoned by a kobold]
  2605 | D:3      | Succumbed to a kobold's poison

Illustrated notes

Levels and vault maps discovered:
D:1:      dpeg_arrival_rhombi, layout_loops_corners,
          shapermc_ecumenical_altar_acropolis
D:2:      layout_basic, minmay_misc_feat_encased
D:3:      layout_basic, uniq_ijyb, uniq_terence

Skill      XL: |  1  2  3 |
---------------+----------+-----
Fighting       | 4 |  4.8
Axes           | 5 |  5.3
Armour         | |  2.1
Dodging        | |  1.5

Action                   |  1- 3 |  4- 6 || total
-------------------------+-------+-------++-------
Melee: Hand axe          |    98 |    12 ||   110
       Punch             |     1 |       ||     1
  Use: Potion            |       |     2 ||     2
Armor: Animal skin       |     4 |       ||     4
       Scale mail        |    35 |     3 ||    38
       Ring mail         |       |     2 ||     2
Dodge: Dodged            |    57 |     4 ||    61
Block: Kite shield       |    20 |     2 ||    22

Table legend: (Time is in decaauts)
 A = Elapsed time spent in this place.
 B = Non-inter-level travel time spent in this place.
 C = Inter-level travel time spent in this place.
 D = Time resting spent in this place.
 E = Time spent auto-exploring this place.
 F = Levels seen in this place.
 G = Mean time per level.
                   A        B        C        D        E       F      G
               +--------+--------+--------+--------+--------+-----+--------+
         Total |   2622 |   2597 |     25 |    782 |   1293 |   3 |  874.0 |
       Dungeon |   2622 |   2597 |     25 |    782 |   1293 |   3 |  874.0 |
               +--------+--------+--------+--------+--------+-----+--------+

Top non-repeatable levels by time:
     D:1: 1289 daAuts
     D:2: 1027 daAuts
     D:3: 305 daAuts
